[Event "Vienna Championship 2022"]
[Site "Vienna"]
[Date "2022.09.21"]
[Round "5.2"]
[White "Atzl, Florian"]
[Black "Vitouch, Anatol"]
[Result "0-1"]
[ECO "C42"]
[WhiteElo "2155"]
[BlackElo "2252"]
[Annotator "TA"]
[PlyCount "128"]
[EventDate "2022.09.17"]
[EventType "tourn"]
[EventCountry "AUT"]
[SourceTitle "playchess.com"]
[Source "ChessBase"]
[SourceQuality "1"]
[TimeControl "5400+30"]

1. e4 e5 2. Nf3 Nf6 3. Nxe5 d6 4. Nf3 Nxe4 5. Nc3 Nf6 6. d4 Be7 7. Bd3 O-O 8. Ne2 {[%emt 0:04:12] Recently 8.0-0 got a lot of attention. C42: Petroff Defence: 3 Nxe5 and unusual White 3rd moves.} Re8 9. O-O Bf8 10. Ng3 {[%emt 0:05:45] White has an edge.} g6 {[%emt 0:00:16] [#]} 11. c3 $146 ({Predecessor:} 11. Bf4 Bg7 12. h3 b6 13. a4 a5 14. Qd2 Bb7 15. Bg5 Nbd7 16. Bc4 Bxf3 17. gxf3 {½-½ (33) Kryvoruchko,Y (2698)-Kamsky,G (2666) Germany 2019}) 11... Bg7 12. Bd2 Nbd7 13. Qb3 Nb6 14. Ng5 d5 15. Rae1 Bd7 16. Qc2 a6 17. b3 Bb5 18. Rxe8+ Qxe8 (18... Bxe8 $11 19. Bf4 Bb5) 19. Re1 (19. c4 $1 $14 Bc6 20. Re1) 19... Qd7 $11 20. Nf3 Bxd3 21. Qxd3 Re8 22. Ne5 Qc8 23. Re2 Nbd7 24. f4 Re7 25. h4 Nf8 26. Qf3 c6 27. f5 {[%emt 0:03:49] Black should prevent Bg5.} N6d7 {[%emt 0:05:08] [#]} (27... Ne4 $1 $11 {remains equal.}) 28. Bf4 (28. Nxd7 $1 $16 Qxd7 29. Rf2) 28... Qe8 29. fxg6 hxg6 30. Nxd7 Rxe2 (30... Nxd7 {seems wilder.} 31. Rxe7 Qxe7 32. h5 Nf6) 31. Qxe2 Qxe2 32. Nxe2 Nxd7 {[%emt 0:00:04][%mdl 4096] Endgame KBN-KBN} 33. Kf2 Nf6 34. Ng3 Kf8 35. Ke2 Ke7 36. Kd3 Ke6 37. Bc1 Bf8 38. Bf4 Be7 39. c4 (39. Ke2 $1 $15 {was preferrable.}) 39... Ng4 (39... Nh5 $17 40. Nxh5 gxh5) 40. h5 {[%emt 0:00:07] [#]} (40. Bg5 $11) 40... g5 $1 $17 41. Bb8 f5 42. Ke2 f4 43. Nf1 Kf5 44. cxd5 cxd5 45. Nd2 (45. g3 $17) 45... Nf6 $19 46. h6 Bf8 47. Nf3 Bxh6 48. Ne5 g4 49. Nf7 Bf8 50. Bd6 $2 (50. Be5) 50... Ke6 51. Bxf8 Kxf7 {[%emt 0:00:05] KB-KN} 52. Bd6 Nh5 53. a4 Ke6 54. Be5 Kf5 55. Kd3 Ng3 {[%emt 0:00:09] ...Ne4 is the strong threat.} 56. b4 b5 57. axb5 axb5 58. Bd6 Ne4 59. Be5 Ng5 60. Bd6 Ne6 (60... g3 $142 61. Ke2 Ke4 62. Be7 Ne6 63. Kf1 Nxd4 64. Bg5 Nc2 65. Bh6 Ne3+ 66. Kg1 d4 67. Bg7 d3 68. Bc3 f3 69. gxf3+ Kxf3 70. Bd2 Nd1 71. Bh6 Nf2 72. Be3 Kxe3 73. Kg2 d2 74. Kxg3 d1=Q 75. Kh2 Qh1+ 76. Kg3 Qh3#) 61. Be5 Nd8 (61... g3 $142 62. Bb8 Kg4 63. Ke2 Nxd4+ 64. Ke1 f3 65. Kf1 Nc2 66. gxf3+ Kxf3 67. Bxg3 Kxg3 68. Ke2 d4 69. Kd2 Nxb4 70. Ke2 Kf4 71. Kd2 Kf3 72. Ke1 Ke3 73. Kd1 d3 74. Kc1 d2+ 75. Kd1 Nd3 76. Kc2 Ke2 77. Kc3 d1=Q 78. Kd4 Qh1 79. Kc3 Qh8+ 80. Kc2 Qb2#) 62. Bd6 Nc6 63. Bc5 g3 64. Bd6 Kg4 {[%emt 0:00:16] Weighted Error Value: White=0.62/Black=0.26 (precise)} 0-1

[Event "Vienna Championship 2022"]
[Site "Vienna"]
[Date "2022.09.21"]
[Round "5.3"]
[White "Stanec, Nikolaus"]
[Black "Baumegger, Siegfried"]
[Result "1/2-1/2"]
[WhiteElo "2458"]
[BlackElo "2447"]
[Annotator "TA"]
[PlyCount "29"]
[EventDate "2022.09.17"]
[EventType "tourn"]
[EventCountry "AUT"]
[SourceTitle "playchess.com"]
[Source "ChessBase"]
[SourceQuality "1"]
[TimeControl "5400+30"]

1. e4 c5 2. Nf3 Nc6 3. Bb5 g6 4. O-O Bg7 5. Re1 e5 6. d3 Nge7 7. Nc3 O-O {[%emt 0:01:07] [#] A rather calm draw. B31: Sicilian: 2...Nc6 3 Bb5 g6.} {Predecessor:} 8. a4 $146 d6 9. Bc4 h6 10. Nd5 Nxd5 11. Bxd5 Kh7 12. Nd2 f5 13. exf5 Bxf5 14. Nc4 Qd7 15. c3 {½-½ (24) Strikovic,A (2468)-Nestorovic,N (2470) Ruma 2020} 1/2-1/2

[Event "Vienna Championship 2022"]
[Site "Vienna"]
[Date "2022.09.21"]
[Round "5.4"]
[White "Peyrer, Konstantin"]
[Black "Halvax, Georg"]
[Result "1-0"]
[ECO "E06"]
[WhiteElo "2402"]
[BlackElo "2423"]
[Annotator "TA"]
[PlyCount "113"]
[EventDate "2022.09.17"]
[EventType "tourn"]
[EventCountry "AUT"]
[SourceTitle "playchess.com"]
[Source "ChessBase"]
[SourceQuality "1"]
[TimeControl "5400+30"]

1. d4 d5 2. c4 e6 3. Nf3 Nf6 4. g3 Be7 5. Bg2 O-O 6. Qc2 c5 7. O-O Nc6 8. dxc5 {[%emt 0:04:10] E06: Closed Catalan: Early deviations.} d4 9. a3 a5 {[%emt 0:00:08] Inhibits b4.} 10. Rd1 {[%emt 0:05:01] The position is equal.} Bxc5 (10... e5 $5 ) 11. Nc3 e5 12. Nd5 h6 {[%emt 0:00:37] Inhibits Ng5.} (12... Nxd5 $2 13. cxd5 Ne7 14. Qxc5 $18) 13. b3 {[%emt 0:05:56] [#]} Bg4 $146 (13... Nxd5 $2 14. cxd5 Qxd5 15. Ng5 $1 $18 ) ({Predecessor:} 13... Be6 14. e4 Bg4 15. Rf1 Rc8 16. Qd3 Re8 17. h3 Bh5 18. Nh4 Bf8 19. Bd2 Nxd5 20. exd5 {1-0 (40) Mikhalevski,V (2523)-Gerzhoy,L (2245) Tel Aviv 2001}) 14. Bb2 Re8 (14... Nxd5 $2 15. cxd5 Qe7 16. dxc6 $18) 15. Rac1 Qd6 ({Black should try} 15... Rc8 $15) 16. Kf1 (16. Nd2 $11) 16... Rad8 $15 (16... Bxa3 17. Nxf6+ Qxf6 18. Bxa3 $11) 17. Nd2 Qf8 ({But not} 17... Bxa3 18. Nxf6+ Qxf6 19. Bxa3 $14) 18. Nxf6+ gxf6 19. Ne4 Be7 20. h3 Bh5 {[%emt 0:00:41][%cal Bg4h5,Bh5g6,Bg6f5][%mdl 32] ...f5 is the strong threat.} 21. g4 Bg6 22. c5 {[%emt 0:00:06] [#]} Kg7 (22... Qg7 $1 $17) 23. Rd3 f5 24. gxf5 Bxf5 25. Rg3+ Kh8 26. b4 ({White should play} 26. Qc4 $15) 26... axb4 27. axb4 (27. Qd2 $17 {was called for.}) 27... Nxb4 $2 (27... Bh4 $19 28. Qd2 Bxe4 29. Bxe4 Bxg3 30. fxg3 f5) 28. Qb3 $36 {[%emt 0:00:06][%mdl 2048] White has good play.} Nd5 29. Nd6 Nf4 $2 {[%emt 0:00:06][%mdl 8192] Loses the game.} (29... Bxd6 $11 {and Black is okay.} 30. Qxd5 Bc7 31. Qxb7 Qe7) 30. Nxf5 $18 Bg5 31. Rd1 Rd7 (31... Re6 $142 32. h4 Be7 33. Bxb7 Bxc5) 32. h4 Bf6 33. Ba3 {[%emt 0:00:06] aiming for c6.} Ra8 34. c6 d3 35. Rgxd3 ({Stronger than} 35. Bxf8 dxe2+ 36. Ke1 exd1=Q+ 37. Qxd1 Nxg2+ 38. Rxg2 Rxd1+ 39. Kxd1 Rxf8 $11) 35... Rxa3 36. cxd7 Rxb3 37. d8=Q Bxd8 38. Rxd8 ({Weaker is} 38. Rxb3 Bc7 $16) 38... Qxd8 39. Rxd8+ Kh7 40. Be4 {[%emt 0:00:05] Inhibits Rb1+.} Ra3 {[%emt 0:00:17] ( -> ...Ra1+)} 41. Rd1 {[%emt 0:00:27] Prevents Ra1.} Kg6 42. e3 Ne6 43. Nd4+ Kh5 44. Nxe6 fxe6 45. Bxb7 Kxh4 {[%emt 0:00:20][%mdl 4096] Endgame KRB-KR} 46. Rd6 Rb3 47. Bc8 Rb8 48. Bxe6 Kg5 49. Bd5 {[%emt 0:00:43] Hoping for Re6.} h5 50. Be4 Rb4 51. Rg6+ Kh4 52. Bf5 Ra4 53. Re6 Ra5 54. Kg2 Ra8 55. Rxe5 {[%emt 0:00:41] White mates.} Rg8+ 56. Kf1 Rc8 57. Re4+ {[%emt 0:00:10] Weighted Error Value: White=0.37/Black=0.44} 1-0

[Event "Vienna Championship 2022"]
[Site "Vienna"]
[Date "2022.09.21"]
[Round "5.5"]
[White "Leisch, Lukas"]
[Black "Kruckenhauser, Arthur"]
[Result "1/2-1/2"]
[ECO "C47"]
[WhiteElo "2409"]
[BlackElo "2289"]
[Annotator "TA"]
[PlyCount "129"]
[EventDate "2022.09.17"]
[EventType "tourn"]
[EventCountry "AUT"]
[SourceTitle "playchess.com"]
[Source "ChessBase"]
[SourceQuality "1"]
[TimeControl "5400+30"]

1. e4 e5 2. Nf3 Nc6 3. Nc3 Nf6 4. d4 exd4 5. Nxd4 Bb4 6. Nxc6 bxc6 7. Bd3 d5 8. exd5 O-O $1 {[%emt 0:05:07][%mdl 4] is more profitable than 8...cxd5 at the moment.} 9. O-O cxd5 10. h3 {[%emt 0:00:22] Prevents Bg4. C47: Scotch Four Knights and Four Knights with 4 g3.} c6 11. Qf3 Re8 12. Bf4 Bd6 13. Rfe1 Be6 14. Ne2 Rb8 15. b3 c5 16. Rad1 Rb6 17. Ng3 Bxf4 18. Qxf4 Rb4 19. Qf3 Qb8 {[%emt 0:05:25] [#]} 20. Nh5 $146 {[%emt 0:14:54] Prevents Rf4.} ({Predecessor:} 20. Bf1 a5 21. Qc3 Qa7 22. Re5 h6 23. Rde1 Rbb8 24. Bd3 a4 25. Bf5 axb3 26. axb3 {1-0 (58) Alekseenko,K (2442)-Harutyunian,T (2334) Budva 2013}) 20... Nxh5 21. Qxh5 g6 22. Qg5 Qf4 (22... Qd8 {keeps more tension.} 23. Qe5 Qb8 24. c3 Qxe5 25. Rxe5 Rbb8) 23. Qxf4 Rxf4 24. g3 Rb4 25. c4 {[%emt 0:02:33] Black must now prevent cxd5.} d4 26. Re5 Rc8 27. g4 Rb6 28. Rde1 Kf8 29. f4 Bd7 30. Kf2 Re6 31. Rxe6 fxe6 $11 {[%emt 0:00:43][%mdl 4096] Endgame KRB-KRB} 32. Kg3 Ke7 33. h4 Kd6 34. Rh1 Bc6 35. Rh2 Rf8 36. h5 Be8 37. hxg6 Bxg6 38. Bxg6 hxg6 {[%emt 0:00:01] KR-KR} 39. Rh6 d3 40. Kf3 d2 41. Rh1 g5 42. f5 exf5 43. gxf5 $2 (43. Rd1 $15) 43... Ke5 $19 44. Ke2 Rd8 45. Kd1 Kxf5 {[%emt 0:00:33] [#] Threatens to win with ...g4.} 46. Rh7 g4 47. Rxa7 $2 (47. Rg7 Rd3 48. b4) 47... g3 (47... Kf6 $142 {( -> ...g3)} 48. Ra6+ Kf5) 48. Rg7 Kf4 {[%emt 0:00:08] And now ...Kf3 would win.} 49. a3 Kf3 50. b4 g2 51. bxc5 Kf2 $2 {[%emt 0:00:03] [#]} (51... Rd4 {mates} 52. Rxg2 Kxg2 53. c6 Kf3 54. c7 Rxc4 55. c8=Q Rxc8 56. Kxd2 Ke4 57. a4 Ra8 58. a5 Rxa5 59. Kc3 Rc5+ 60. Kb4 Kd4 61. Kb3 Rc4 62. Kb2 Kd3 63. Kb3 Rh4 64. Kb2 Rb4+ 65. Ka3 Kc3 66. Ka2 Ra4+ 67. Kb1 Ra5 68. Kc1 Ra1#) 52. c6 $1 $11 {[%emt 0:01:20] The position is equal.} g1=Q+ 53. Rxg1 Kxg1 {[%emt 0:00:03] KR-K3P} 54. c7 $1 Rc8 55. Kxd2 Rxc7 {[%emt 0:00:16] KR-KPP} 56. Kd3 Kf2 57. Kd4 Ke2 58. c5 Kd2 59. a4 Ra7 60. c6 Kc2 61. Kc5 Rxa4 62. c7 Kc3 63. Kc6 Rc4+ 64. Kd7 Rxc7+ 65. Kxc7 {[%emt 0:00:05] And White is the lucky defender.  Weighted Error Value: White=0.35/Black=0.19 (very precise)} 1/2-1/2

[Event "Vienna Championship 2022"]
[Site "Vienna"]
[Date "2022.09.22"]
[Round "6.1"]
[White "Schwabeneder, Florian"]
[Black "Kruckenhauser, Arthur"]
[Result "0-1"]
[ECO "B50"]
[WhiteElo "2417"]
[BlackElo "2289"]
[Annotator "TA"]
[PlyCount "94"]
[EventDate "2022.09.17"]
[EventType "tourn"]
[EventCountry "AUT"]
[SourceTitle "playchess.com"]
[Source "ChessBase"]
[SourceQuality "1"]
[TimeControl "5400+30"]

1. e4 c5 2. Nf3 d6 3. Nc3 Nf6 4. e5 dxe5 5. Nxe5 Bd7 6. g3 {[%emt 0:13:12] B50: Sicilian: 2...d6, Miscellaneous.} Nc6 7. Nxd7 Qxd7 8. Bg2 {[%emt 0:00:12] The position is equal.} e6 9. d3 Be7 10. O-O O-O {[%emt 0:00:15] [#]} 11. Be3 $146 ({Predecessor:} 11. Re1 Rac8 12. b3 Rfd8 13. Bb2 Nd4 14. a4 b6 15. Nb5 Ne8 16. Nc3 Nd6 17. Rb1 {0-1 (69) Wong,Y (2381)-Brkic,A (2611) Chennai 2022}) 11... Rac8 12. h3 Rfd8 13. Re1 b6 14. Ne4 Nd4 15. Nxf6+ Bxf6 16. Bf4 Nc6 17. Rb1 Nb4 18. a3 Nd5 19. Bd2 Qa4 20. c3 Qa6 21. Bf1 Qb7 22. Qf3 Qc6 23. h4 Ne7 24. Qe2 Ng6 25. f4 {[%emt 0:02:05] Inhibits Ne5.} Qd5 26. Rbd1 (26. h5 $5 Ne7 27. Be3 $11) 26... Qb3 27. Bc1 (27. h5 $11 Ne7 28. Rb1) 27... b5 {[%emt 0:00:44][%cal Bb6b5,Bb5b4][%mdl 32] Black has more active pieces.} 28. h5 Ne7 29. Bg2 b4 $36 {[%emt 0:03:05][%mdl 2048] Black is on the roll.} 30. c4 Nf5 31. Kh2 Nd4 32. Qg4 Nc2 33. Re5 bxa3 34. bxa3 Bxe5 (34... Rxd3 35. Rxd3 Qxd3 36. Rxe6 $11) 35. fxe5 {[%emt 0:00:07] [#] White wants to mate with h6.} Qc3 ({But not} 35... Nxa3 36. h6 g6 37. Qf3 $16) 36. Bf4 f5 (36... Nxa3 {leads to mate.} 37. h6 Qxe5 38. Bxe5 g6 39. Bb7 Nc2 40. Qg5 Kf8 41. Bxc8) ({Better is} 36... h6 $17 {Hoping for ...Qd4.} 37. Bxh6 Qxe5) 37. exf6 $1 $11 Qxf6 38. Bg5 Rd4 39. Be4 {[%emt 0:02:02] This bishop pair is nice.} Qf2+ 40. Kh3 $1 Re8 {[%emt 0:00:10] ...Ne1 is the strong threat.} 41. Rb1 {[%emt 0:00:14] [#]} (41. Bd2 $11) 41... Ne1 $1 $19 {[%emt 0:01:18] Strongly threatening ...Qf1+.} (41... Nxa3 42. Rb7 Rxe4 43. Qxe4 Qf5+ 44. Qxf5 exf5 45. Rxa7 $16) 42. Qf4 $2 (42. Bh6 Rd7 43. Rd1) 42... Nxd3 {[%emt 0:01:39] Black is clearly winning.} 43. Bxd3 Rxf4 44. Bxf4 Qf3 {[%emt 0:00:35][%csl LRd3,LRh5] White must now prevent ...e5.} 45. Rb3 Qxh5+ 46. Kg2 Qd1 47. Rc3 Rd8 {[%emt 0:00:24] Weighted Error Value: White=0.79/Black=0.19 (very precise)} 0-1

[Event "Vienna Championship 2022"]
[Site "Vienna"]
[Date "2022.09.22"]
[Round "6.2"]
[White "Halvax, Georg"]
[Black "Leisch, Lukas"]
[Result "1-0"]
[ECO "D24"]
[WhiteElo "2423"]
[BlackElo "2409"]
[Annotator "TA"]
[PlyCount "99"]
[EventDate "2022.09.17"]
[EventType "tourn"]
[EventCountry "AUT"]
[SourceTitle "playchess.com"]
[Source "ChessBase"]
[SourceQuality "1"]
[TimeControl "5400+30"]

1. d4 Nf6 2. c4 e6 3. Nf3 d5 4. Nc3 dxc4 5. e4 b5 (5... Bb4 $5 ) 6. e5 {[%emt 0:00:09] D24: Queen's Gambit Accepted: 3 Nf3 Nf6 4 Nc3.} Nd5 7. Nxb5 Nb6 8. Be2 {[%emt 0:00:27] White is slightly better.} Nc6 9. O-O Be7 10. Be3 {[%emt 0:00:15] 10.Qd2 is the modern continuation.} O-O 11. Qb1 Rb8 12. Nc3 Bb7 {[%emt 0:06:19] [#]} 13. Rc1 $146 ({Predecessor:} 13. Qe4 Nb4 14. Qg4 Kh8 15. Rac1 Qd7 16. Rfd1 N4d5 17. Bd2 Nxc3 18. Bxc3 Bd5 19. Nd2 {1-0 (42) Volkov,S (2534)-Makarian,R (2474) Cheliabinsk 2021}) 13... f5 14. exf6 $1 Rxf6 15. Ne4 Rg6 16. b3 ({But not} 16. Bxc4 $6 Nxc4 17. Rxc4 Qd5 $11) 16... cxb3 17. axb3 Qd5 {[%emt 0:06:48] [#] Loses the game.} (17... Nd5 $16) 18. Ng3 $1 $18 Rg4 (18... Rf6 $142 19. Ng5 g6) 19. h3 Rxg3 20. fxg3 Bf6 21. Rd1 Na5 22. Qc2 {[%emt 0:07:38][%cal Oa1a5] aiming for Rxa5!} Qxb3 23. Qxb3 {[%emt 0:00:24] Chess con chili.} Nxb3 {[%emt 0:00:02] Pair of Knights!} 24. Rxa7 Nd5 25. Rb1 Bc6 26. Bc4 Nxe3 27. Bxe6+ ({Resist} 27. Bxb3 $6 Kf8 $18) ({Much less strong is} 27. Rxb3 Rxb3 28. Bxe6+ Kf8 29. Bxb3 Bxf3 $18) 27... Kf8 28. Rxb3 Rxb3 29. Bxb3 {[%emt 0:00:11][%cal Be6b3,Bb3a4,Ba4c6,Bc6e4][%mdl 32] Hoping for Ne5.} Bxf3 30. gxf3 Bxd4 {[%emt 0:00:05][%mdl 4096] Endgame KRB-KBN} 31. Rb7 Ke8 32. Ba4+ Kd8 33. Bc6 Bb6 34. Rb8+ Ke7 35. f4 h6 36. Kf2 {[%emt 0:00:38][%cal Ob8b6] Strongly threatening Rxb6!} Nf5+ 37. Kg2 Kd6 38. Be4 Ne7 (38... Ne3+ {was called for.} 39. Kf3 Nc4) 39. Kf3 Kd7 40. g4 Bd4 41. h4 c5 42. g5 hxg5 43. fxg5 Ke6 44. h5 {[%emt 0:01:39] Prevents g6.} Nf5 {[%emt 0:00:46] Inhibits h6.} 45. Rb6+ Ke5 46. Bxf5 {[%emt 0:00:13] White mates.} Kxf5 47. h6 gxh6 48. gxh6 c4 {[%emt 0:00:12] [#]} 49. h7 $1 c3 {[%emt 0:00:06] [#]} 50. Ke2 $1 {[%emt 0:00:05] Weighted Error Value: White=0.09 (flawless) /Black=0.38} 1-0

[Event "Vienna Championship 2022"]
[Site "Vienna"]
[Date "2022.09.22"]
[Round "6.3"]
[White "Baumegger, Siegfried"]
[Black "Peyrer, Konstantin"]
[Result "1-0"]
[ECO "A36"]
[WhiteElo "2447"]
[BlackElo "2402"]
[Annotator "TA"]
[PlyCount "99"]
[EventDate "2022.09.17"]
[EventType "tourn"]
[EventCountry "AUT"]
[SourceTitle "playchess.com"]
[Source "ChessBase"]
[SourceQuality "1"]
[TimeControl "5400+30"]

1. c4 Nf6 2. Nc3 g6 3. g3 Bg7 4. Bg2 c5 5. e4 Nc6 6. Nge2 d6 7. d3 a6 8. Rb1 Rb8 9. a4 (9. O-O {feels hotter.} b5 10. Nd5 Bg4 11. b3) 9... Bd7 10. O-O {[%emt 0:05:08][%cal Be1g1,Bg1h2,Bh2g2][%mdl 32] The position is equal.} Qc8 11. f3 h5 12. h4 Bh3 13. Kh2 Bxg2 14. Kxg2 Nd4 15. Nxd4 cxd4 16. Ne2 Nd7 17. b4 O-O 18. a5 e5 19. b5 (19. Ng1 $14) 19... Qc7 20. Bd2 f5 (20... axb5 $11 21. Rxb5 Qc6) 21. Ng1 Nc5 22. Bb4 f4 23. g4 (23. gxf4 $14 Rxf4 24. Bxc5 dxc5 25. Nh3) 23... hxg4 24. fxg4 Qd7 (24... Ra8 $11) 25. Bxc5 $14 dxc5 26. Qf3 b6 27. axb6 Rxb6 28. bxa6 Rxa6 29. Nh3 Bf6 (29... Kf7 $14) 30. g5 $16 Be7 {[%emt 0:00:05] [#]} (30... Bd8 $14) 31. Rb2 (31. Nf2 $1 $16) 31... Kg7 $1 $11 32. Nf2 {[%emt 0:00:06] next Qg4 is good for White.} Rh8 33. Rh1 {[%emt 0:00:10] And now Qg4 would win.} Ra3 {[%emt 0:00:34] [#]} (33... Ra7 $11 {remains equal.}) 34. Qh3 $1 $16 Qc6 (34... Qxh3+ $16 {might work better.} 35. Rxh3 Kf7) 35. Qg4 {[%emt 0:00:33] Threatens to win with Rhb1.} Rf8 $2 (35... Ra4 $16 {was called for.}) 36. Qf3 $2 ({White should play} 36. Rhb1 $18 Ra6 37. Rb7) 36... Rfa8 $2 (36... Rh8 $14) 37. Rhb1 $18 R3a6 38. Qg4 Kf7 39. Kf3 Qe6 40. Rb7 R8a7 41. h5 {[%emt 0:03:36] Dancing on a razor blade.} gxh5 (41... Qxg4+ 42. Nxg4 gxh5 43. Nxe5+ Ke6) 42. Qf5+ Qxf5 43. exf5 Rxb7 44. Rxb7 {[%emt 0:00:06][%mdl 4096] Endgame Black must now prevent Ne4. KRB-KRN} Ke8 45. Ne4 (45. g6 $142 Kf8 46. Ne4) 45... Ra3 46. f6 {[%emt 0:00:15] White mates.} Rxd3+ 47. Kf2 Bd8 48. g6 Rg3 49. g7 d3 50. f7# {[%emt 0:00:44] Weighted Error Value: White=0.21 (precise) /Black=0.43} 1-0

[Event "Vienna Championship 2022"]
[Site "Vienna"]
[Date "2022.09.22"]
[Round "6.4"]
[White "Vitouch, Anatol"]
[Black "Stanec, Nikolaus"]
[Result "1/2-1/2"]
[ECO "A46"]
[WhiteElo "2252"]
[BlackElo "2458"]
[Annotator "TA"]
[PlyCount "130"]
[EventDate "2022.09.17"]
[EventType "tourn"]
[EventCountry "AUT"]
[SourceTitle "playchess.com"]
[Source "ChessBase"]
[SourceQuality "1"]
[TimeControl "5400+30"]

1. d4 c6 2. Nf3 Nf6 3. Bf4 Nh5 4. Bg5 h6 5. Bh4 g5 6. Bg3 {[%emt 0:00:06] A46: 1 d4 Nf6 2 Nf3 e6: Torre, London and Colle Systems.} Nxg3 7. hxg3 Bg7 8. c3 {[%emt 0:03:29] [#]} d5 $146 ({Predecessor:} 8... Qb6 9. Qc2 d6 10. Nbd2 Bd7 11. Nc4 Qc7 12. Nxg5 c5 13. d5 Bb5 14. Na3 Ba6 {1-0 (61) Kovacevic,S (2337)-Jordan Martinez,M (2172) Mislata 2013}) 9. e3 Nd7 10. Nbd2 e6 11. e4 Qe7 12. Bd3 b6 13. Qe2 a6 14. e5 c5 15. a3 c4 16. Bc2 b5 17. g4 Bb7 18. Nf1 O-O-O 19. Ng3 Kb8 20. Nh5 f6 21. exf6 {[%emt 0:02:24] White is more active.} Bxf6 (21... Nxf6 $16 22. Nxg7 Qxg7) 22. O-O $18 Rhe8 23. Nxf6 (23. Rfe1 $142) 23... Qxf6 $16 24. Rfe1 Qf4 25. Ne5 (25. a4 $16) 25... Nxe5 $14 26. Qxe5+ Qxe5 27. Rxe5 Kc7 28. Rae1 Bc8 $1 29. Bf5 Kd6 $1 30. R1e3 Bd7 31. Bg6 Rf8 32. Rh3 Rh8 33. Rf3 Rdf8 34. Rff5 $2 Rf7 $4 35. Rxf7 $18 Rg8 36. Rf8 $2 Rxf8 $11 {[%emt 0:00:00][%mdl 4096] Endgame KRB-KRB} 37. f3 a5 38. Kf2 b4 {[%emt 0:00:00] aiming for ...bxa3.} 39. axb4 axb4 40. Re2 Ra8 41. cxb4 Rb8 42. g3 $2 (42. Ke1 $1 $11 {and White is okay.}) 42... Rxb4 $19 43. f4 Ke7 $1 44. Rd2 Kf6 45. Bh5 Ra4 46. Kg2 Ra1 47. Kf2 {[%emt 0:00:20] Inhibits Re1.} Ba4 48. Kg2 (48. f5 {was necessary.}) 48... Rc1 49. Kf2 Bc2 50. Be8 (50. f5 $142) 50... Be4 51. Bb5 Ra1 52. Be8 Bd3 53. Bd7 Ke7 54. Bc8 (54. Bc6 {was the only chance.}) 54... Be4 55. f5 exf5 56. Bxf5 Bxf5 57. gxf5 {[%emt 0:00:05] [#] KR-KR} h5 $1 58. Re2+ Kf6 $2 (58... Kf7 $19 59. Re5 Ra5) 59. Re5 $1 $15 Ra5 {[%emt 0:00:00] Strongly threatening ...Rb5.} 60. g4 $1 {[%emt 0:00:21] [#]} hxg4 (60... h4 $1 $17 {And now ...Kf7 would win.} 61. Re6+ Kf7) 61. Kg3 $11 {[%emt 0:00:07] The position is equal.} Ra1 62. Rxd5 Rg1+ 63. Kf2 Rb1 64. Rc5 Rxb2+ 65. Kg3 Rc2 {[%emt 0:00:00] A wild game.  Weighted Error Value: White=0.42/Black=0.17 (very precise)} 1/2-1/2

[Event "Vienna Championship 2022"]
[Site "Vienna"]
[Date "2022.09.22"]
[Round "6.5"]
[White "Steindl, Johannes"]
[Black "Atzl, Florian"]
[Result "1-0"]
[ECO "A57"]
[WhiteElo "2327"]
[BlackElo "2155"]
[Annotator "TA"]
[PlyCount "75"]
[EventDate "2022.09.17"]
[EventType "tourn"]
[EventCountry "AUT"]
[SourceTitle "playchess.com"]
[Source "ChessBase"]
[SourceQuality "1"]
[TimeControl "5400+30"]

1. d4 Nf6 2. c4 c5 3. d5 b5 4. cxb5 a6 5. e3 g6 6. Nc3 Bg7 7. e4 {[%emt 0:00:03][%cal Be3e4,Be4e5][%mdl 32] A57: Benko/Volga Gambit.} axb5 (7... O-O $11) 8. e5 $16 ({Reject} 8. Bxb5 Nxe4 9. Qb3 Nxc3 10. bxc3 Ba6 11. Bxa6 Qa5 $17) 8... Ng8 {[%emt 0:00:08] [#]} 9. Nf3 $146 {[%emt 0:01:51] White is better.} ({Don't take} 9. Bxb5 Bxe5 10. Nf3 Bg7 $14) ({Predecessor:} 9. Bxb5 Bxe5 10. Nf3 Bg7 11. O-O Bb7 12. Re1 Ba6 13. Ba4 Nf6 14. Be3 Qb6 15. d6 {½-½ (42) Helbig,A (2064)-Ster,P (1902) DESC email 2001}) 9... Qa5 (9... b4 $16 {was worth a try.}) 10. Bxb5 $18 Nh6 11. O-O O-O 12. Bg5 f6 13. exf6 exf6 14. Bf4 Nf7 15. Nd2 d6 16. Nc4 Qc7 17. h4 (17. Ne4 $18) 17... Nd7 $16 18. Bc6 {[%emt 0:00:20] White is much more active.} Ba6 19. Bb5 (19. Bxa8 $16 {[%cal Od1a4] Qa4! is the strong threat.} Bxc4 20. Bc6) 19... Nde5 (19... Bc8 $1 $11 {keeps the balance.}) 20. Bxe5 {[%emt 0:00:34] Black is on the road to losing.} fxe5 (20... Nxe5 $142 21. Nxe5 fxe5) 21. a4 Bb7 (21... Bc8 $16) 22. Ne4 Rfd8 (22... Bc8 $16 23. a5 Bf5) 23. Ra3 Qe7 (23... Nh6 $16) 24. g3 $18 Ra7 25. Nb6 {[%emt 0:04:32] Pair of Knights!} Qc7 26. a5 Bc8 27. Nxc8 Rxc8 28. a6 Rb8 29. Qa4 Nh6 30. Bc4 Nf5 31. Qc6 Qe7 32. Rb3 Rxb3 33. Bxb3 {[%emt 0:00:04] aiming for Qb6.} Rc7 $2 (33... Nd4 {is a better chance.} 34. Qc8+ Qf8 35. Qxf8+ Kxf8) 34. Ra1 Nd4 {[%emt 0:01:26] [#]} 35. Qxc7 Qxc7 36. a7 Nxb3 37. a8=Q+ Bf8 38. Ra7 {[%emt 0:00:11] Weighted Error Value: White=0.17 (very precise) /Black=0.56} 1-0